 Dungeon Crawl Stone Soup version 0.21.1-1-g345015f (webtiles) character file.

9667 phonetoosmall the Grappler (level 11, -2/85 HPs)
             Began as a Ghoul Monk on Feb 18, 2018.
             Was an Elder of Hepliaklqana.
             Slain by a hippogriff (3 damage)
             ... on level 11 of the Dungeon on Mar 7, 2018.
             The game lasted 00:48:30 (9264 turns).

phonetoosmall the Grappler (Ghoul Monk)             Turns: 9264, Time: 00:48:31

Health: -2/85      AC:  9    Str: 16    XL:     11   Next: 50%
Magic:  10/10      EV: 14    Int:  7    God:    Hepliaklqana [****..]
Gold:   504        SH:  0    Dex: 12    Spells: 10/10 levels left

rFire    . . .     SeeInvis .     - Unarmed
rCold    + . .     Gourm    .   (no shield)
rNeg     + + +     Faith    .   g - +3 leather armour
rPois    ∞         Spirit   .   V - +2 helmet
rElec    .         Reflect  .   (no cloak)
rCorr    +         Harm     .   (no gloves)
MR       .....                  (no boots)
Stlth    ++........             l - amulet of regeneration
HPRegen  0.00/turn              B - ring of flight
MPRegen  0.12/turn              A - ring of resist corrosion

@: rotting
A: rotting body, reduced essence, claws 1, carnivore, cold resistance 1,
negative energy resistance 3, inhibited regeneration, torment resistance,
unbreathing
a: Recall Ancestor, Ancestor Identity, Transference, Idealise, Renounce
Religion, Evoke Flight


You were on level 11 of the Dungeon.
You worshipped Hepliaklqana.
Hepliaklqana was greatly pleased with you.
You were not hungry.

You visited 2 branches of the dungeon, and saw 12 of its levels.
You also visited: Sewer and Ossuary.

You collected 729 gold pieces.
You spent 225 gold pieces at shops.

Inventory:

Hand Weapons
 a - a +4 blowgun
 R - a +2 great sword of flaming
Missiles
 j - 6 curare-tipped needles
 k - 55 poisoned needles
 O - 4 throwing nets (quivered)
 X - 4 needles of confusion
Armour
 b - a +0 robe
 g - a +3 leather armour (worn)
 r - a +1 ring mail of fire resistance
 x - a cursed +0 robe
 y - a +1 pair of gloves
 P - a +0 plate armour
 V - a +2 helmet (worn)
Magical Staves
 v - an uncursed staff of air {unknown}
Jewellery
 c - an uncursed ring of ice
 l - an amulet of regeneration (around neck)
 A - a ring of resist corrosion (right claw)
 B - a ring of flight (left claw)
 F - an uncursed ring of see invisible {unknown}
 K - an uncursed amulet of harm {unknown}
 W - an uncursed ring of stealth {unknown}
Wands
 w - a wand of flame (23)
 E - a wand of digging (17)
 Y - a wand of acid (11)
Scrolls
 e - 3 scrolls of enchant armour
 f - 2 scrolls of amnesia
 h - a scroll of immolation
 i - 8 scrolls of teleportation
 s - 5 scrolls of identify
 t - 3 scrolls of magic mapping
 C - 2 scrolls of remove curse
 D - 2 scrolls of random uselessness {unknown}
 G - 2 scrolls of enchant weapon
 H - a scroll of torment {unknown}
 N - a scroll of silence {unknown}
 S - a scroll of vulnerability {unknown}
 T - a scroll of fog {unknown}
 U - a scroll of blinking
Potions
 d - 13 potions of curing
 m - 4 potions of might
 n - 5 potions of agility
 p - a potion of heal wounds
 q - 5 potions of brilliance
 z - a potion of magic
 I - 4 potions of haste
 J - a potion of resistance {unknown}
 L - 6 potions of flight {unknown}
 M - 3 potions of ambrosia {unknown}
Books
 u - a book of Necromancy

   Spells                             Type                      Level
   a - Pain                           Necromancy                   1
   b - Animate Skeleton               Necromancy                   1
   c - Vampiric Draining              Necromancy                   3
   d - Regeneration                   Charms/Necromancy            3
   e - Animate Dead                   Necromancy                   4
   f - Borgnjor's Vile Clutch         Necromancy/Earth             5
Comestibles
 o - 16 rations


   Skills:
 - Level 8.3 Fighting
 - Level 6.0 Throwing
 + Level 4.7 Armour
 + Level 5.1 Dodging
 - Level 2.1 Stealth
 + Level 14.0 Unarmed Combat


You had 10 spell levels left.
You didn't know any spells.

Dungeon Overview and Level Annotations

Branches:
Dungeon (11/15)            Temple (1/1) D:6            Lair (0/6) D:10
    Orc (0/2) D:10

Altars:
Cheibriados
Elyvilon
Fedhas
Hepliaklqana
Kikubaaqudgha
Qazlal
Sif Muna
Xom
Zin
Beogh

Shops:
D:9 [


Innate Abilities, Weirdness & Mutations

Your body is rotting away.
You thrive on raw meat.
You are immune to poison.
You have sharp fingernails.
You are carnivorous and can eat meat at any time.
Your flesh is cold resistant. (rC+)
You are immune to negative energy. (rN+++)
You do not regenerate when monsters are visible.
You are immune to unholy pain and torment.
You can survive without breathing.
Your life essence is reduced to manifest your ancestor. (-10% HP)


Message History

You mangle the hippogriff!!
The hippogriff is almost dead.
You closely miss the hippogriff.
The hippogriff is almost dead.
The hippogriff misses you. The hippogriff pecks you.
* * * LOW HITPOINT WARNING * * *
The hippogriff claws you but does no damage.
You scratch the hippogriff but do no damage.
You claw the hippogriff.
The hippogriff is almost dead.
The hippogriff bites you but does no damage.
The hippogriff pecks you.
* * * LOW HITPOINT WARNING * * *
The hippogriff misses you.
You closely miss the hippogriff.
The hippogriff is almost dead.
You barely miss the hippogriff.
The hippogriff is almost dead.
The hippogriff misses you. The hippogriff pecks you.
You die...

#...............
#...............
#...............##
#.............oo<.
#.................
#.######..........
#.# .........
#H######..........
#@................
##################


You could see a hippogriff.

Vanquished Creatures
  3 two-headed ogres
  Joseph (D:9)
  Prince Ribbit (D:6)
  A hippogriff (D:11)
  A warg (D:10)
  6 orc warriors
  4 sky beasts
  An ice beast (D:10)
  3 black bears
  A phantom (D:5)
  6 ogres
  4 centaurs
  A crocodile (D:7)
  6 big kobolds
  5 bullfrogs
  A gnoll sergeant (D:10)
  A water moccasin zombie (Ossuary)
  2 water moccasin skeletons
  4 scorpions
  13 wights
  6 howler monkeys
  An electric eel (D:10)
  A crimson imp (D:5)
  3 bullfrog zombies
  4 centaur zombies (Ossuary)
  A hound (D:6)
  A quasit (D:9)
  A jelly (D:11)
  2 bullfrog skeletons
  7 orc priests
  9 orc wizards
  Jessica (D:3)
  3 iguanas
  5 worker ants
  Natasha (thrice) (D:2)
  A hound zombie (Ossuary)
  11 mummies (Ossuary)
  2 worker ant zombies
  11 adders
  8 gnolls
  7 river rats (Sewer)
  A shadow imp (D:6)
  4 adder skeletons
  3 adder zombies
  A worm (D:2)
  A dart slug (D:2)
  4 leopard geckos
  29 orcs
  4 bats
  9 giant cockroaches
  4 goblins
  9 hobgoblins
  19 jackals
  21 kobolds
  3 quokkas
  7 ball pythons
  3 frilled lizards
  2 leopard gecko zombies
  A quokka skeleton (D:6)
  2 quokka zombies (Ossuary)
  29 rats
  A plant (D:10)
310 creatures vanquished.

Vanquished Creatures (collateral kills)
  A hippogriff (D:7)
  A warg (D:10)
  A sky beast (D:7)
  2 ogres (D:9)
  2 wights (D:8)
  2 crimson imps
  A centaur skeleton (D:4)
  2 orc wizards
  A worker ant (D:4)
  A hound skeleton (D:5)
  4 mummies (Ossuary)
  A gnoll (D:8)
  An adder (D:3)
  3 leopard geckos
  8 orcs
  A giant cockroach (D:5)
  2 jackals
  2 kobolds (D:9)
36 creatures vanquished.

Vanquished Creatures (others)
  4 hexers
  A withered plant (Ossuary)
5 creatures vanquished.

Grand Total: 351 creatures vanquished

Notes
Turn   | Place    | Note
-------+----------+-------------------------------------------
     0 | D:1      | phonetoosmall the Ghoul Monk began the quest for the Orb.
     0 | D:1      | Reached XP level 1. HP: 19/19 MP: 0/0
    58 | D:1      | Reached XP level 2. HP: 25/26 MP: 1/1
    91 | D:1      | Reached skill level 4 in Unarmed Combat
   186 | D:1      | Reached XP level 3. HP: 26/31 MP: 2/2
   518 | D:2      | Noticed Natasha
   789 | D:2      | Reached skill level 5 in Unarmed Combat
   908 | D:3      | Noticed Jessica
   917 | D:3      | Found a glowing drain.
   926 | Sewer    | Entered a sewer
   953 | Sewer    | Reached XP level 4. HP: 23/38 MP: 3/3
   984 | Sewer    | Noticed a big kobold
   996 | Sewer    | Killed a big kobold
   996 | Sewer    | Reached skill level 6 in Unarmed Combat
   996 | Sewer    | Reached XP level 5. HP: 31/45 MP: 4/4
  1204 | Sewer    | Reached skill level 7 in Unarmed Combat
  1275 | Sewer    | Reached XP level 6. HP: 48/51 MP: 5/5
  1474 | Sewer    | Reached skill level 8 in Unarmed Combat
  2073 | D:2      | Found a hazy altar of Hepliaklqana.
  2073 | D:2      | Found a glowing silver altar of Zin.
  2081 | D:2      | Became a worshipper of Hepliaklqana the Forgotten
  2081 | D:2      | Reached * piety under Hepliaklqana
  2081 | D:2      | Reached ** piety under Hepliaklqana
  2082 | D:2      | Remembered your ancestor Tertia as a hexer
  2404 | D:3      | Reached XP level 7. HP: 51/51 MP: 6/6
  2491 | D:3      | Reached skill level 1 in Throwing
  2530 | D:3      | Killed Jessica
  2753 | D:2      | Killed Natasha
  2789 | D:2      | Noticed Natasha
  2793 | D:2      | Killed Natasha
  2954 | D:2      | Noticed Natasha
  2959 | D:2      | Killed Natasha
  3263 | D:4      | Reached skill level 9 in Unarmed Combat
  3501 | D:5      | Entered Level 5 of the Dungeon
  3513 | D:5      | Reached XP level 8. HP: 47/56 MP: 7/7
  3965 | D:5      | Found a deep blue altar of Sif Muna.
  4048 | D:5      | Reached skill level 10 in Unarmed Combat
  4053 | D:5      | Reached *** piety under Hepliaklqana
  4088 | D:5      | HP: 2/55 [orc wizard/magic dart (6)]
  4290 | D:6      | Reached skill level 5 in Throwing
  4348 | D:6      | Noticed Prince Ribbit
  4366 | D:6      | Killed Prince Ribbit
  4366 | D:6      | Reached XP level 9. HP: 40/63 MP: 8/8
  4558 | D:6      | Found a staircase to the Ecumenical Temple.
  4563 | Temple   | Entered the Ecumenical Temple
  4727 | D:6      | Reached skill level 11 in Unarmed Combat
  4768 | D:6      | Reached skill level 1 in Armour
  5197 | D:7      | Found a sand-covered staircase.
  5226 | Ossuary  | Entered an ossuary
  5351 | Ossuary  | Reached skill level 5 in Fighting
  5480 | Ossuary  | Reached skill level 12 in Unarmed Combat
  5703 | D:7      | Reached XP level 10. HP: 73/74 MP: 9/9
  5724 | D:7      | Found a shimmering altar of Xom.
  5737 | D:7      | Found a white marble altar of Elyvilon.
  6146 | D:7      | Found a stormy altar of Qazlal.
  6543 | D:8      | Reached **** piety under Hepliaklqana
  6792 | D:8      | Noticed a two-headed ogre
  6835 | D:8      | Killed a two-headed ogre
  6835 | D:8      | Reached skill level 13 in Unarmed Combat
  7011 | D:8      | Found an ancient bone altar of Kikubaaqudgha.
  7112 | D:8      | Found a snail-covered altar of Cheibriados.
  7316 | D:9      | Found Qiej's Antique Armour Shoppe.
  7334 | D:9      | Bought a glowing helmet for 225 gold pieces
  7409 | D:9      | Noticed Joseph
  7422 | D:9      | Killed Joseph
  7502 | D:9      | Noticed a two-headed ogre
  7512 | D:9      | Killed a two-headed ogre
  7512 | D:9      | Reached XP level 11. HP: 70/85 MP: 10/10
  7617 | D:9      | Noticed a two-headed ogre
  7627 | D:9      | Killed a two-headed ogre
  7914 | D:10     | Entered Level 10 of the Dungeon
  8008 | D:10     | Found a staircase to the Orcish Mines.
  8304 | D:10     | Found a staircase to the Lair.
  8643 | D:10     | Reached skill level 5 in Dodging
  9183 | D:11     | Reached skill level 14 in Unarmed Combat
  9227 | D:11     | Found a roughly hewn altar of Beogh.
  9261 | D:11     | HP: 3/85 [hippogriff (3)]
  9262 | D:11     | HP: 1/85 [hippogriff (2)]
  9264 | D:11     | Slain by a hippogriff

Skill      XL: |  1  2  3  4  5  6  7  8  9 10 11 |
---------------+----------------------------------+-----
Unarmed Combat | 4 5 6 7 8 9 10 12 13 14 | 14.0
Throwing       | 3 5 6 |  6.0
Armour         | 2 3 4 |  4.7
Fighting       | 5 8 |  8.3
Dodging        | 3 5 |  5.1
Stealth        | |  2.1

Action                   |  1- 3 |  4- 6 |  7- 9 | 10-12 || total
-------------------------+-------+-------+-------+-------++-------
Melee: Unarmed           |   126 |   169 |   337 |   402 ||  1034
       Punch             |       |     3 |     7 |    28 ||    38
 Fire: Blowgun           |       |    11 |    24 |    18 ||    53
Invok: Ancestor Life: He |       |     1 |       |       ||     1
       Recall Ancestor   |       |       |       |     1 ||     1
Evoke: Wand              |       |       |     9 |       ||     9
  Use: Scroll            |     1 |     1 |    15 |     1 ||    18
       Potion            |       |       |     5 |     4 ||     9
 Stab: Sleeping          |     1 |     1 |     6 |     2 ||    10
       Confused          |       |       |     3 |    10 ||    13
       Distracted        |       |       |     3 |     2 ||     5
  Eat: Chunk             |    24 |    24 |    30 |    33 ||   111
Armor: Robe              |    11 |       |       |       ||    11
       Leather armour    |    15 |    43 |    81 |    99 ||   238
Dodge: Dodged            |    92 |    95 |   134 |   191 ||   512
